 Dungeon Crawl Stone Soup version 0.27-a0-1149-g4505690ab0 (webtiles) character file.

Game seed: 2334509863616196153

4714 Azzok the Geomancer (level 10, -22/55 (56) HPs)
             Began as an Octopode Earth Elementalist on May 13, 2021.
             Annihilated by a boulder beetle (50 damage)
             ... on level 7 of the Dungeon.
             The game lasted 00:11:51 (9534 turns).

Azzok the Geomancer (Octopode Earth Elementalist)   Turns: 9534, Time: 00:11:52

HP:   -22/55 (56)   AC:  5    Str:  8    XL:     10   Next: 45%
MP:   19/22         EV: 28    Int: 26    God:
Gold: 228           SH:  0    Dex: 13    Spells: 16/25 levels left

rFire    . . .     SeeInvis .   A - +7 shortbow "Jeptothra" {vorpal, rElec rPois Will+ Stlth-}
rCold    + . .     Faith    .   (shield currently unavailable)
rNeg     . . .     Spirit   .   (helmet restricted)
rPois    +         Reflect  .   m - amulet of the acrobat
rElec    +         Harm     .   l - +6 ring of intelligence
rCorr    .         Rampage  .   n - ring of protection from cold
Will     +....                  q - ring of flight
Stlth    ++........             u - +4 ring of protection
HPRegen  0.18/turn              (no ring)
MPRegen  0.18/turn              (no ring)
                                (no ring)
                                (no ring)

@: acrobatic, flying, lightly drained
A: almost no armour, amphibious, 8 rings, camouflage 1, gelatinous body 1,
(nimble swimmer 1), tentacles
a: no special abilities


You were on level 7 of the Dungeon.
You visited 2 branches of the dungeon, and saw 8 of its levels.

You collected 468 gold pieces.
You spent 240 gold pieces at shops.

Inventory:

Hand Weapons
 c - a +4 dagger of venom
 z - a +2 flail of freezing
 A - the +7 shortbow "Jeptothra" (weapon) {vorpal, rElec rPois Will+ Stlth-}
   (You found it on level 7 of the Dungeon)

   Any arrow fired from it inflicts extra damage.
   It insulates you from electricity.
   It protects you from poison.
   It increases your willpower.
   It makes you less stealthy.
Missiles
 b - 172 stones
Armour
 f - a +0 tower shield
Jewellery
 l - a +6 ring of intelligence (left tentacle)
 m - an amulet of the acrobat (around mantle)
 n - a ring of protection from cold (right tentacle)
 q - a ring of flight (on tentacle)
 s - a ring of resist corrosion
 t - a ring of fire
 u - a +4 ring of protection (on tentacle)
Wands
 v - a wand of acid (9)
 y - a wand of iceblast (9)
Scrolls
 a - a scroll of teleportation
 d - 3 scrolls of identify {unknown}
 e - a scroll of enchant armour {unknown}
 g - 2 scrolls of fog {unknown}
 o - a scroll of magic mapping {unknown}
 p - a scroll of holy word {unknown}
 r - a scroll of torment {unknown}
 x - a scroll of amnesia {unknown}
Potions
 h - a potion of cancellation {unknown}
 i - a potion of heal wounds {unknown}
 j - 2 potions of curing {unknown}
 k - a potion of invisibility {unknown}
 w - a potion of lignification {unknown}
 B - a potion of flight {unknown}


   Skills:
 + Level 2.5 Dodging
 - Level 2.6 Stealth
 - Level 4.0 Shields
 + Level 8.1 Spellcasting
 + Level 7.7 Conjurations
 - Level 1.0 Transmutations
 + Level 9.1 Earth Magic


You had 16 spell levels left.
You knew the following spells:

 Your Spells              Type           Power      Damage    Failure   Level
a - Sandblast             Erth           100%       2d20      1%          1
b - Stone Arrow           Conj/Erth      100%       3d13      1%          3
c - Lee's Rapid Deconstr  Erth           27%        3d16*     3%          5

Your spell library contained the following spells:

 Spells                   Type           Power      Damage    Failure   Level
 Passwall                 Tmut/Erth      30%        N/A       1%          2
 Animate Skeleton         Necr           20%        N/A       5%          1
 Pain                     Necr           40%        1d6       5%          1
 Petrify                  Tmut/Erth      36%        N/A       7%          4
 Vampiric Draining        Necr           5%         2d6       17%         3
 Animate Dead             Necr           5%         N/A       50%         4
 Agony                    Necr           10%        N/A       83%         5


Dungeon Overview and Level Annotations

Branches:
Dungeon (7/15)             Temple (1/1) D:7

Altars:
Ashenzari
Cheibriados
Dithmenos
Elyvilon
Fedhas
Gozag
Hepliaklqana
Kikubaaqudgha
Makhleb
Nemelex Xobeh
Qazlal
Ru
Sif Muna
Trog
Wu Jian
Zin
The Shining One

Shops:
D:5 [   D:6 *

Annotations:
D:7 3 runed translucent doors


Innate Abilities, Weirdness & Mutations

You cannot wear most types of armour.
You are amphibious.
You can wear up to eight rings at the same time.
Your skin changes colour to match your surroundings (Stealth+).
Your rubbery body absorbs attacks. (AC +1, EV +1)
((You are camouflaged near water. (Stealth+)))
You have tentacles for arms and can constrict up to eight enemies at once.


Message History

Casting: Sandblast (safe; 1% risk of failure)
Confirm with . or Enter, or press ? or * to list all spells.
Aiming: Sandblast (safe; 1% risk of failure)
Press: ? - help, Shift-Dir - straight line, f/p - wight
Aim: a wight, wielding a +2 trident of protection and wearing a +0 robe (almost destroyed, 84% to hit)
The blast of sand hits the wight.
You destroy the wight!
You hear a splash. x2
As you read the scroll of teleportation, it crumbles to dust.
You feel strangely unstable.
Casting: Sandblast (safe; 1% risk of failure)
Confirm with . or Enter, or press ? or * to list all spells.
Aiming: Sandblast (safe; 1% risk of failure)
Press: ? - help, Shift-Dir - straight line, f - centaur zombie
Aim: a centaur zombie (100% to hit)
The blast of sand hits the centaur zombie!!
The centaur zombie is heavily damaged.
The centaur zombie closely misses you. The centaur zombie kicks you.
* * * LOW HITPOINT WARNING * * *
Your surroundings suddenly seem different.
A centaur skeleton comes into view.
A centaur skeleton is nearby!
Casting: Sandblast (safe; 1% risk of failure)
Confirm with . or Enter, or press ? or * to list all spells.
Aiming: Sandblast (safe; 1% risk of failure)
Press: ? - help, Shift-Dir - straight line, f - centaur skeleton
Aim: a centaur skeleton (wandering, hasn't noticed you, 100% to hit)
The blast of sand hits the centaur skeleton!!
You destroy the centaur skeleton!
Casting: Sandblast (safe; 1% risk of failure)
Confirm with . or Enter, or press ? or * to list all spells.
You can't see any susceptible monsters within range! (Use Z to cast anyway.)
A boulder beetle is nearby!
Found a stone staircase leading up.
The boulder beetle leaps!
Found 16 gold pieces.
The boulder beetle curls into a ball and begins rolling!
The boulder beetle hits you!!!
Ouch! That really hurt!
You die...

·· ▒···▒···▒ ··
▒▒°▒▒··▒▒·· ··· ··
▒·▒····▒·· ▒·· ▒·
▒·▒○···▒·▒▒·· ·
·······÷·▒·······▒··
·· ▒
···▒·▒·▒···▒▒··▒$▒
·· ··
▒·······▒▒▒···▒·▒▒·
··
······▒▒▒·········
▒·
········▒··@·······
··
·········°°B······▒▒
≈≈
≈·············▒▒·▒▒▒
≈≈ ≈······▒▒···▒·▒ ▒
≈≈ ≈···········▒▒▒
··········▒▒
▒··▒·····▒▒
▒·······▒ ▒▒·····▒▒


You could see a boulder beetle (rolling).

Vanquished Creatures
  A cyclops (D:7)
  2 manticores (D:7)
  An unseen horror (D:7)
  2 trolls (D:7)
  A slime creature (D:7)
  Grinder (D:6)
  Eustachio (D:4)
  A water moccasin (D:6)
  A sky beast (D:6)
  A black bear (D:5)
  An ice beast (D:6)
  2 necrophages
  2 ogres (D:4)
  A centaur (D:5)
  A phantom (D:7)
  A kobold brigand (D:6)
  2 bullfrogs
  A scorpion (D:3)
  A gnoll sergeant (D:5)
  2 water moccasin skeletons (D:4)
  2 wights (D:7)
  A howler monkey (D:6)
  2 centaur zombies (D:5)
  5 hounds
  2 jellies (D:5)
  3 centaur skeletons
  5 orc priests
  2 bullfrog skeletons
  2 iguanas (D:5)
  2 killer bee zombies
  13 gnolls
  7 adders
  A howler monkey skeleton (D:7)
  A white imp (D:6)
  2 adder skeletons (D:4)
  3 dart slugs
  12 orcs
  10 endoplasms
  2 giant cockroaches
  8 goblins
  11 hobgoblins
  11 jackals
  5 kobolds
  2 quokkas
  5 ball pythons
  4 bats
  7 frilled lizards
  7 rats
163 creatures vanquished.

Vanquished Creatures (others)
  3 withered plants (D:7)
3 creatures vanquished.

Grand Total: 166 creatures vanquished

Notes
Turn   | Place    | Note
-------+----------+-------------------------------------------
     0 | D:1      | Azzok the Octopode Earth Elementalist began the quest for
                  | the Orb.
     0 | D:1      | Reached XP level 1. HP: 11/11 MP: 3/3
   124 | D:1      | Reached XP level 2. HP: 15/17 MP: 5/5
   638 | D:1      | Found a faded altar of an unknown god.
  1088 | D:1      | Reached XP level 3. HP: 21/21 MP: 6/6
  1583 | D:2      | Reached skill level 4 in Earth Magic
  1583 | D:2      | Reached XP level 4. HP: 27/27 MP: 3/8
  2208 | D:2      | Learned a level 3 spell: Stone Arrow
  2347 | D:2      | Reached XP level 5. HP: 25/31 MP: 10/10
  2821 | D:3      | Reached skill level 1 in Conjurations
  2913 | D:3      | Reached XP level 6. HP: 36/36 MP: 8/11
  2919 | D:3      | Learned a level 5 spell: Lee's Rapid Deconstruction
  3477 | D:3      | Reached skill level 5 in Earth Magic
  4064 | D:4      | Noticed Eustachio
  4068 | D:4      | Killed Eustachio
  4069 | D:4      | Reached XP level 7. HP: 32/41 MP: 6/13
  4474 | D:4      | Reached skill level 1 in Shields
  4933 | D:4      | Reached skill level 5 in Spellcasting
  5019 | D:5      | Entered Level 5 of the Dungeon
  5024 | D:5      | Reached skill level 6 in Earth Magic
  5024 | D:5      | Reached XP level 8. HP: 40/46 MP: 2/15
  5427 | D:5      | Found Peneik's Armour Shop.
  6922 | D:6      | Found an ancient bone altar of Kikubaaqudgha.
  7076 | D:6      | Noticed Grinder
  7084 | D:6      | Killed Grinder
  7085 | D:6      | Reached skill level 5 in Conjurations
  7136 | D:6      | Found Dytol's Assorted Antiques.
  7139 | D:6      | Reached skill level 7 in Earth Magic
  7139 | D:6      | Reached XP level 9. HP: 51/51 MP: 11/18
  7379 | D:6      | Bought a golden ring for 120 gold pieces
  7379 | D:6      | Bought an emerald ring for 120 gold pieces
  7705 | D:6      | Found a shimmering blue altar of Sif Muna.
  8137 | D:7      | Found a staircase to the Ecumenical Temple.
  8217 | Temple   | Entered the Ecumenical Temple
  8394 | D:7      | Noticed a cyclops
  8407 | D:7      | Killed a cyclops
  8415 | D:7      | Reached skill level 8 in Earth Magic
  8454 | D:7      | Noticed a troll
  8586 | D:7      | Noticed a troll
  8591 | D:7      | Killed a troll
  8666 | D:7      | Noticed a troll
  8672 | D:7      | Killed a troll
  8673 | D:7      | Reached XP level 10. HP: 56/56 MP: 11/21
  8702 | D:7      | Noticed a manticore
  8705 | D:7      | Killed a manticore
  8769 | D:7      | Noticed a manticore
  8823 | D:7      | Killed a manticore
  9191 | D:7      | Found a runed translucent door.
  9191 | D:7      | Noticed a cyan ugly thing
  9192 | D:7      | Noticed a purple ugly thing
  9192 | D:7      | Found a runed translucent door.
  9193 | D:7      | Found a runed translucent door.
  9208 | D:7      | Identified the +7 shortbow "Jeptothra" {vorpal, rElec rPois
                  | Will+ Stlth-}
  9264 | D:7      | Noticed a boulder beetle
  9268 | D:7      | Reached skill level 9 in Earth Magic
  9365 | D:7      | Killed an unseen horror
  9454 | D:7      | Noticed a boulder beetle
  9534 | D:7      | Annihilated by a boulder beetle

Illustrated notes

Levels and vault maps discovered:
D:1:      minmay_arrival_diagonal_passages, layout_loops_ring,
          hellmonk_ecumenical_altar_lost_god
D:2:      layout_rooms, minmay_pentomino_s4
D:3:      layout_loops_ring
D:4:      layout_basic, uniq_eustachio
D:5:      layout_basic, serial_shops, shop
D:6:      layout_basic, lemuel_doored_altar, kennysheep_little_box,
          serial_shops, nicolae_shop_trees, chequers_hall_statues_corner_a,
          minmay_fractal_squares_5, uniq_grinder
D:7:      minmay_the_grid_four_pointed_star
          [minmay_the_grid_triangle_9x9_intruding_spiral,
          minmay_the_grid_triangle_9x9_warning,
          minmay_the_grid_triangle_9x9_zippers_vertical,
          minmay_the_grid_triangle_9x9_fully_insulated_deathbox,
          minmay_the_grid_prize_inner_circle], layout_cave_pools,
          minmay_temple_entry_proselytizer, serial_undead, serial_undead_b,
          serial_undead_f, serial_undead_f, serial_undead_b, serial_undead_d,
          serial_undead_e, gammafunk_ghost_berserking_beasts
Temple:   regret_index_temple_waves

Skill      XL: |  1  2  3  4  5  6  7  8  9 10 |
---------------+-------------------------------+-----
Spellcasting   | 3 4 5 6 7 8 |  8.1
Earth Magic    | 4 5 6 7 8 9 |  9.1
Conjurations   | 1 3 5 7 |  7.7
Shields        | 2 3 4 |  4.0
Dodging        | |  2.5
Stealth        | |  2.6
Transmutations | |  1.0

Action                   |  1- 3 |  4- 6 |  7- 9 | 10-12 || total
-------------------------+-------+-------+-------+-------++-------
Melee: Unarmed           |    12 |       |       |       ||    12
       Constrict         |    15 |    14 |     2 |       ||    31
       Dagger            |    45 |    59 |     6 |       ||   110
       Tentacles         |     7 |    12 |       |       ||    19
 Cast: Sandblast         |    17 |    31 |    21 |     7 ||    76
       Stone Arrow       |       |    19 |   105 |    14 ||   138
       Lee's Rapid Decon |       |       |     1 |     4 ||     5
  Use: Scroll            |       |       |     1 |     2 ||     3
 Stab: Sleeping          |    10 |     5 |       |       ||    15
       Distracted        |       |     1 |       |       ||     1
Armor: Skin              |     6 |     4 |     3 |     1 ||    14
Dodge: Dodged            |    35 |    45 |    26 |    20 ||   126

Table legend: (Time is in decaauts)
 A = Elapsed time spent in this place.
 B = Non-inter-level travel time spent in this place.
 C = Inter-level travel time spent in this place.
 D = Time resting spent in this place.
 E = Time spent auto-exploring this place.
 F = Levels seen in this place.
 G = Mean time per level.
                   A        B        C        D        E       F      G
               +--------+--------+--------+--------+--------+-----+--------+
         Total |   9540 |   9258 |    282 |   3756 |   4332 |   8 | 1192.5 |
       Dungeon |   8998 |   8735 |    263 |   3343 |   4235 |   7 | 1285.4 |
        Temple |    542 |    523 |     19 |    413 |     97 |   1 |  542.0 |
               +--------+--------+--------+--------+--------+-----+--------+

Top non-repeatable levels by time:
     D:5: 1812 daAuts
     D:1: 1782 daAuts
     D:4: 1419 daAuts
     D:3: 1284 daAuts
     D:7: 1018 daAuts
     D:6: 905 daAuts
     D:2: 775 daAuts
  Temple: 542 daAuts
